 Dungeon Crawl Stone Soup version 0.29.1-13-g9f3cf754e1 (webtiles) character file.

Game seed: 5042433434843519764

34512 zlionsfan the Warrior (level 13, -2/132 (150) HPs)
             Began as an Ogre Fighter on Feb 2, 2023.
             Was a High Priest of Makhleb.
             Slain by a meliai
             ... wielding a +0 demon trident of draining
              (17 damage)
             ... on level 13 of the Dungeon on Feb 4, 2023.
             The game lasted 01:09:50 (13472 turns).

zlionsfan the Warrior (Ogre Fighter)               Turns: 13472, Time: 01:09:51

HP:   -2/132 (150)  AC:  4    Str: 27    XL:     13   Next: 77%
MP:   16/16         EV: 10    Int: 13    God:    Makhleb [*****.]
Gold: 918           SH:  9    Dex:  8    Spells: 11/12 levels left

rFire   . . .      SeeInvis .   a - +12 hand axe of Cocytus {venom, Stlth+}
rCold   + + .      Faith    .   c - +0 kite shield
rNeg    . . .      Spirit   .   i - +1 robe of Zusisore {rElec rC++ Regen+ Int-2}
rPois   .          Reflect  .   (helmet restricted)
rElec   +          Harm     .   (no cloak)
rCorr   .          Rampage  .   (gloves unavailable)
Will    ++...                   (boots unavailable)
Stlth   +++.......              y - amulet of regeneration
HPRegen 1.92/turn               s - +6 ring of intelligence
MPRegen 0.15/turn               H - ring of willpower

@: hasted, heavily drained, very quick
A: large, unfitting armour, tough skin 1
a: Renounce Religion, Minor Destruction, Lesser Servant of Makhleb, Major
Destruction, Greater Servant of Makhleb


You were on level 13 of the Dungeon.
You worshipped Makhleb.
Makhleb was extremely pleased with you.
You visited 2 branches of the dungeon, and saw 15 of its levels.
You also visited: Bailey.

You collected 1054 gold pieces.
You spent 136 gold pieces at shops.

Inventory:

Hand Weapons
 a - the +12 hand axe of Cocytus (weapon) {venom, Stlth+}
   (You found it on level 6 of the Dungeon)

   It poisons the flesh of those it strikes.
   Stlth:     It makes you more stealthy.
 b - the +7 dagger "Beastslayer" {venom, +Blink rElec Will+ Dex+3}
   (You found it on level 4 of the Dungeon)

   It poisons the flesh of those it strikes.
   Dex:       It affects your dexterity (+3).
   rElec:     It insulates you from electricity.
   +Blink:    It lets you blink.
   Will:      It increases your willpower.
 O - a +7 war axe
Missiles
 j - 3 javelins
 w - 5 curare-tipped darts
 L - 15 large rocks (quivered)
Armour
 c - a +0 kite shield (worn)
 i - the +1 robe of Zusisore (worn) {rElec rC++ Regen+ Int-2}
   (You bought it in a shop on level 1 of the Dungeon)

   Int:       It affects your intelligence (-2).
   rC:        It greatly protects you from cold.
   rElec:     It insulates you from electricity.
   Regen:     It increases your rate of health regeneration.
Jewellery
 s - a +6 ring of intelligence (left hand)
 y - an amulet of regeneration (around neck)
 H - a ring of willpower (right hand)
 M - a ring of flight
Wands
 t - a wand of mindburst (23)
 v - a wand of roots (20)
 B - a wand of flame (17)
 E - a wand of digging (3)
 F - a wand of acid (3)
 K - a wand of charming (1)
Scrolls
 e - 2 scrolls of magic mapping
 f - 5 scrolls of vulnerability
 l - 4 scrolls of fog
 o - 4 scrolls of poison
 r - 3 scrolls of teleportation
 A - 3 scrolls of amnesia
Potions
 d - 3 potions of might
 g - 6 potions of brilliance
 n - 2 potions of invisibility {unknown}
 p - 4 potions of haste
 u - 4 potions of lignification
 x - 2 potions of flight {unknown}
 z - 2 potions of resistance {unknown}
 C - 3 potions of mutation
 D - a potion of attraction {unknown}
 G - 2 potions of cancellation {unknown}
 I - 2 potions of magic {unknown}
Miscellaneous
 J - a box of beasts
 N - a box of beasts


   Skills:
 * Level 15.5 Fighting
 + Level 4.4(4.6) Short Blades
 + Level 1.5(3.2) Long Blades
 * Level 13.8 Axes
 + Level 1.8(8.3) Maces & Flails
 + Level 2.6 Throwing
 + Level 8.2 Dodging
 + Level 4.5 Stealth
 + Level 8.0 Shields
 * Level 4.1 Invocations
 + Level 1.9 Evocations


You had 11 spell levels left.
You knew the following spells:

 Your Spells              Type           Power      Damage    Failure   Level
a - Apportation           Tloc           0%         N/A       52%         1

Your spell library contained the following spells:

 Spells                   Type           Power      Damage    Failure   Level
 Shock                    Conj/Air       0%         1d3       52%         1
 Slow                     Hex            0%         N/A       52%         1
 Ensorcelled Hibernation  Hex/Ice        0%         N/A       67%         2
 Static Discharge         Conj/Air       0%         3-3/arc   67%         2
 Confusing Touch          Hex            0%         N/A       88%         3
 Inner Flame              Hex/Fire       0%         N/A       88%         3
 Ozocubu's Armour         Ice            0%         N/A       88%         3
 Portal Projectile        Hex/Tloc       0%         N/A       88%         3
 Spider Form              Tmut/Pois      0%         N/A       88%         3
 Swiftness                Air            0%         N/A       88%         3
 Tukima's Dance           Hex            0%         N/A       88%         3
 Vampiric Draining        Necr           0%         2d6       88%         3
 Airstrike                Air            0%         2d(0-16)  99%         4
 Anguish                  Hex/Necr       0%         N/A       99%         4
 Cause Fear               Hex            0%         N/A       99%         4
 Dispel Undead            Necr           0%         3d6       99%         4
 Passage of Golubria      Tloc           0%         N/A       99%         4
 Sticky Flame             Conj/Fire      0%         2d3       99%         4
 Alistair's Intoxication  Tmut/Pois      0%         N/A       100%        5
 Blade Hands              Tmut           0%         N/A       100%        5
 Metabolic Englaciation   Hex/Ice        0%         N/A       100%        5
 Yara's Violent Unravell  Hex/Tmut       0%         3d3       100%        5
 Simulacrum               Ice/Necr       0%         N/A       100%        6
 Ozocubu's Refrigeration  Ice            0%         4d7       100%        7
 Discord                  Hex            0%         N/A       100%        8


Dungeon Overview and Level Annotations

Branches:
Dungeon (13/15)            Temple (0/1) D:6            Lair (2/5) D:11
 Shoals (0/4) Lair:2          Orc (0/2) D:11         Bailey (visited)
  Snake: Lair:2-3    Spider: Lair:2-3    Vaults: D:13-14

Altars:
Cheibriados
Elyvilon
Kikubaaqudgha
Makhleb
Sif Muna
Wu Jian

Shops:
D:1 [   D:9 [   D:10 [

Annotations:
D:1 1 transporter
D:5 2 transporters, redcrux's ghost, novice MiFi


Innate Abilities, Weirdness & Mutations

You are too large for most types of armour.
You have tough skin. (AC +1)


Message History

You are poisoned.
The killer bee poisons you!
You slash the killer bee!
You kill the killer bee!
Makhleb accepts your kill.
You feel better.
You feel sick.
You feel sick.
You see here a killer bee corpse.
You feel sick.
You feel sick.
The meliai hits you with a +0 demon trident of draining.
You feel drained.
The meliai stings you but does no damage.
You closely miss the killer bee. You slash the meliai!
The meliai is poisoned.
The meliai mumbles some strange prayers to its god against you.
Something smites you!
* * * LOW HITPOINT WARNING * * *
The killer bee barely misses you.
Unknown command.
You closely miss the meliai.
The meliai is moderately wounded.
You hit the killer bee.
The killer bee is poisoned.
You feel sick.
The meliai hits you with a +0 demon trident of draining!!
* * * LOW HITPOINT WARNING * * *
You feel drained.
* * * LOW HITPOINT WARNING * * *
The meliai stings you but does no damage.
The killer bee stings you!
* * * LOW HITPOINT WARNING * * *
You are lethally poisoned!
The killer bee poisons you!
You feel much better.
You feel sick. You block the killer bee's attack.
The meliai hits you with a +0 demon trident of draining!
* * * LOW HITPOINT WARNING * * *
You feel drained.
* * * LOW HITPOINT WARNING * * *
The meliai barely misses you.
You feel better. The killer bee misses you.
The meliai hits you with a +0 demon trident of draining!
You die...

...##.##.######...######....#..##
.#.##.##.# ##.#.## ##.#.#.##
.#......<# #.###.# #...#.##
.####.#### ##.#.#####..#.## # .##
#.# #...#......#.##. ## ..# #.#
##...#.###...#..##.. ..# #.#
#......# ##...##..## ..###(#
######.#y##.# #.........
......###......y@##.####.........
#.####.##.####..................#
#.# #.#.#>## #.†###....#####...#.
..##.###...# #..###....###....#^#
###.# #†#.# #.............#..#.#
## ##...# ##.#...........P..#.
#..### ##..........#.....# #.#.#
###...D.............
####.#####.....#......#......


You could see a meliai (very poisoned) and a killer bee (poisoned).

Vanquished Creatures
  3 centaur warriors (D:13)
  2 two-headed ogres
  A tengu warrior (D:13)
  Sonja (D:13)
  A deep elf pyromancer (D:11)
  A manticore (D:12)
  An ugly thing (D:13)
  4 cyclopes
  3 black mambas (Lair:1)
  12 elephants
  Maurice (D:11)
  5 cane toads
  A torpor snail (Lair:2)
  2 gargoyles
  Maggie (Lair:1)
  2 komodo dragons
  4 trolls
  2 hornets
  Prince Ribbit (D:5)
  2 dream sheep (Lair:2)
  A shadow (D:12)
  16 yaks
  5 wyverns
  A basilisk (D:13)
  A wraith (D:11)
  10 vampire mosquitoes
  A steam dragon (D:8)
  Edmund (D:5)
  An acid dragon (D:11)
  4 water moccasins
  9 orc warriors
  A swamp drake (D:11)
  A sky beast (D:7)
  2 black bears
  An ice beast (D:7)
  3 ogres
  3 wolves (D:11)
  8 centaurs
  5 kobold brigands
  2 phantoms
  8 bullfrogs
  A necrophage (D:4)
  3 scorpions
  10 wights
  18 killer bees (D:13)
  7 howler monkeys
  5 electric eels (D:11)
  9 hounds
  2 jellies (D:8)
  3 orc priests
  4 iguanas
  11 orc wizards
  A hound skeleton (D:4)
  2 gnolls (D:10)
  7 adders
  A shadow imp (D:6)
  2 white imps
  3 ufetubi
  A worm (D:3)
  A dart slug (D:5)
  55 orcs
  3 ball pythons
  6 endoplasms
  3 hobgoblins
  2 jackals (D:3)
  34 kobolds
  2 quokkas (D:1)
  4 bats
  4 frilled lizards
  11 goblins
  4 rats
353 creatures vanquished.

Vanquished Creatures (collateral kills)
  2 centaurs (Lair:2)
2 creatures vanquished.

Vanquished Creatures (others)
  6 fungi
  16 plants
22 creatures vanquished.

Grand Total: 377 creatures vanquished

Notes
Turn   | Place    | Note
-------+----------+-------------------------------------------
     0 | D:1      | zlionsfan the Ogre Fighter began the quest for the Orb.
     0 | D:1      | Reached XP level 1. HP: 24/24 MP: 1/1
   206 | D:1      | Reached XP level 2. HP: 31/32 MP: 2/2
   211 | D:1      | Found a faded altar of an unknown god.
   335 | D:1      | Found Azasoadd's Antique Armour Shop.
  1152 | D:1      | Bought a warped robe for 136 gold pieces
  1152 | D:1      | Identified the +1 robe of Zusisore {rElec rC++ Regen+
                  | Int-2} (You bought it in a shop on level 1 of the Dungeon)
  1385 | D:3      | Reached XP level 3. HP: 40/40 MP: 3/3
  1551 | D:3      | Reached XP level 4. HP: 47/49 MP: 4/4
  1701 | D:3      | Reached skill level 5 in Fighting
  1966 | D:3      | Reached skill level 1 in Maces & Flails
  2218 | D:4      | Reached XP level 5. HP: 42/57 MP: 5/5
  2312 | D:4      | Reached skill level 6 in Fighting
  2436 | D:4      | Reached XP level 6. HP: 67/68 MP: 6/6
  2534 | D:4      | Identified the +7 dagger "Beastslayer" {venom, +Blink rElec
                  | Will+ Dex+3}
  2585 | D:4      | Found a burning altar of Makhleb.
  2607 | D:4      | Became a worshipper of Makhleb the Destroyer
  2795 | D:4      | Reached skill level 7 in Fighting
  2795 | D:4      | Reached skill level 1 in Long Blades
  2795 | D:4      | Reached XP level 7. HP: 75/78 MP: 7/7
  2897 | D:4      | Reached skill level 1 in Short Blades
  3306 | D:5      | Entered Level 5 of the Dungeon
  3327 | D:5      | Found a transporter.
  3330 | D:5      | Noticed redcrux's ghost (novice MiFi)
  3607 | D:5      | Noticed Edmund
  4085 | D:5      | Noticed Prince Ribbit
  4121 | D:5      | Killed Prince Ribbit
  4122 | D:5      | Reached skill level 1 in Stealth
  4122 | D:5      | Reached XP level 8. HP: 81/88 MP: 8/8
  4154 | D:5      | Found a snail-covered altar of Cheibriados.
  4176 | D:5      | Reached skill level 8 in Fighting
  4213 | D:5      | Killed Edmund
  4316 | D:5      | Found a transporter.
  4460 | D:6      | Reached * piety under Makhleb
  4564 | D:6      | Reached skill level 1 in Evocations
  4823 | D:6      | Identified the +12 hand axe of Cocytus {venom, Stlth+}
  4890 | D:6      | Found a staircase to the Ecumenical Temple.
  4999 | D:6      | Reached skill level 5 in Dodging
  4999 | D:6      | Reached XP level 9. HP: 63/97 MP: 9/9
  5134 | D:6      | Reached skill level 9 in Fighting
  5494 | D:7      | Noticed a hornet
  5506 | D:7      | Killed a hornet
  5507 | D:7      | Reached skill level 5 in Shields
  5511 | D:7      | Reached skill level 5 in Axes
  5764 | D:7      | Found a white marble altar of Elyvilon.
  5995 | D:7      | Found a shimmering blue altar of Sif Muna.
  5995 | D:7      | Found an ornate altar of the Wu Jian Council.
  6125 | D:8      | Reached ** piety under Makhleb
  6230 | D:8      | Reached skill level 10 in Fighting
  6230 | D:8      | Reached XP level 10. HP: 100/110 MP: 10/10
  6926 | D:9      | Noticed a cyclops
  7014 | D:9      | Found Caduit's Armour Boutique.
  7231 | D:10     | Entered Level 10 of the Dungeon
  7424 | D:10     | Found Vupn's Armour Shoppe.
  7747 | D:10     | Found a flagged portal.
  7769 | Bailey   | Entered a bailey
  7822 | Bailey   | Reached *** piety under Makhleb
  7853 | Bailey   | Reached skill level 11 in Fighting
  8008 | Bailey   | Noticed an orc knight
  8100 | Bailey   | Reached skill level 12 in Fighting
  8100 | Bailey   | Reached skill level 10 in Axes
  8100 | Bailey   | Reached XP level 11. HP: 124/124 MP: 11/11
  8160 | D:10     | HP: 6/124 [something (10)]
  8473 | D:10     | Noticed a deep troll
  8659 | D:10     | Found an ancient bone altar of Kikubaaqudgha.
  8768 | D:11     | Learned a level 1 spell: Apportation
  8888 | D:11     | Found a staircase to the Lair.
  8911 | D:11     | Reached skill level 13 in Fighting
  9001 | D:11     | Noticed a deep elf pyromancer
  9006 | D:11     | Killed a deep elf pyromancer
  9017 | D:11     | Noticed a cyclops
  9022 | D:11     | Killed a cyclops
  9023 | D:11     | Reached XP level 12. HP: 136/136 MP: 12/12
  9041 | D:11     | Noticed a two-headed ogre
  9046 | D:11     | Killed a two-headed ogre
  9623 | D:11     | Reached skill level 1 in Throwing
  9720 | D:11     | Noticed Maurice
  9723 | D:11     | Reached **** piety under Makhleb
  9733 | D:11     | Killed Maurice
  9820 | D:11     | Found a staircase to the Orcish Mines.
  9901 | Lair:1   | Entered Level 1 of the Lair of Beasts
  9925 | Lair:1   | Noticed a seven-headed hydra
 10015 | Lair:1   | Noticed Maggie
 10031 | Lair:1   | Killed Maggie
 10117 | Lair:1   | Reached skill level 14 in Fighting
 10683 | Lair:2   | Reached skill level 1 in Invocations
 10706 | Lair:2   | Reached ***** piety under Makhleb
 10707 | Lair:2   | Reached XP level 13. HP: 95/148 MP: 14/14
 10856 | Lair:2   | Found a staircase to the Shoals.
 12058 | D:12     | Reached skill level 15 in Fighting
 13224 | D:13     | Noticed Sonja
 13256 | D:13     | Killed Sonja
 13422 | D:13     | Noticed a fire giant
 13470 | D:13     | HP: 3/136 [killer bee (7)]
 13472 | D:13     | Slain by a meliai

Illustrated notes

Levels and vault maps discovered:
D:1:      spicycebolla_arrival_risky_transporter, layout_loops_cross,
          serial_shops, nicolae_lakefront_shop,
          hellmonk_ecumenical_altar_crossroads, reono_crystal_passage
D:2:      layout_loops_ring
D:3:      layout_loops_ring
D:4:      layout_basic, makhleb_blood_cavern_becter, minmay_misc_feat_room
D:5:      layout_basic, kennysheep_mini, gammafunk_ghost_stat_death,
          uniq_edmund, uniq_prince_ribbit1
D:6:      layout_gridville, temple_green
D:7:      layout_rooms, elyvilon_altar_3, gammafunk_temple_overflow_statue
D:8:      layout_loops_ring, chequers_mini_garden
D:9:      layout_cave_pods, serial_shops, shop, small_chamber_with_monster
D:10:     layout_basic, mainiacjoe_overflow_tiny_flanked, enter_bailey_7,
          serial_shops, nicolae_shop_crystal,
          hellmonk_guarded_unrand_vitality_bloodlust
D:11:     layout_basic, erik_lair_island, erik_orc_1, uniq_maurice
D:12:     layout_loops_ring
D:13:     regret_index_bee_streams, layout_loops_cross, david_vaults_2,
          uniq_sonja
Lair:1:   layout_small_grid, serial_bayou_shore_a, serial_bayou_shore_b,
          uniq_maggie
Lair:2:   layout_long_grid, minmay_shoals_entry_centaurs,
          spider_nest_entry_web_field, grunt_megastairs_3, lemuel_fruit_tree

Skill      XL: |  1  2  3  4  5  6  7  8  9 10 11 12 13 |
---------------+----------------------------------------+-----
Dodging        | 3 4 5 6 7 8 |  8.2
Fighting       | 5 6 7 8 10 12 13 14 15 | 15.5
Axes           | 3 6 10 12 13 | 13.8
Maces & Flails | 1 |  1.8
Long Blades    | 1 |  1.5
Short Blades   | 2 4 |  4.4
Stealth        | 1 3 4 |  4.5
Shields        | 4 5 6 7 8 |  8.0
Evocations     | 1 |  1.9
Throwing       | 1 2 |  2.6
Invocations    | 1 4 |  4.1

Action                   |  1- 3 |  4- 6 |  7- 9 | 10-12 | 13-15 || total
-------------------------+-------+-------+-------+-------+-------++-------
Melee: War axe           |    34 |       |       |       |       ||    34
       Whip              |    50 |    64 |       |       |       ||   114
       Falchion          |       |    66 |       |       |       ||    66
       Dagger            |       |    26 |   171 |       |       ||   197
       Hand axe          |       |       |   116 |   383 |   208 ||   707
Throw: Dart              |       |       |       |     1 |       ||     1
       Large rock        |       |       |       |     9 |    33 ||    42
       Javelin           |       |       |       |     7 |       ||     7
Invok: Lesser Servant of |       |       |       |       |     3 ||     3
Evoke: Wand              |       |       |     1 |    14 |     1 ||    16
  Use: Scroll            |     6 |     2 |     3 |    10 |     8 ||    29
       Potion            |       |     3 |     1 |     6 |    11 ||    21
 Stab: Sleeping          |       |       |     3 |     7 |     5 ||    15
       Distracted        |       |       |       |     1 |     1 ||     2
Armor: Robe              |    35 |    42 |    39 |    55 |    29 ||   200
Dodge: Dodged            |    26 |    46 |    91 |   143 |    69 ||   375
Block: Kite shield       |    26 |    46 |    99 |   167 |    89 ||   427
